TOP OF THE 1ST |
Mt Pleasant Bearcats batting - Pitching for Buffalo LightSabres : RHP Alfredo Ayala
|
Pitching: RHP Alfredo Ayala
|
|
Batting: RHB Ben Barker
|
0-0: Ball 1-0: Swinging Strike 1-1: Ball 2-1: Ball 3-1: Base on Balls
|
Batting: RHB Carlos López
|
0-0: Called Strike 0-1: Ball 1-1: Called Strike 1-2: Foul Ball, location: 2F 1-2: Foul Ball, location: 2F 1-2: SINGLE (Line Drive, 89S) Ben Barker to second Runner from 2nd tries for 3rd, SAFE, throw made to third Carlos López to second
|
Batting: RHB Pat Fernández
|
0-0: Ball 1-0: Called Strike 1-1: Ball 2-1: Ball 3-1: Foul Ball, location: 2F 3-2: 3-RUN HOME RUN (Line Drive, 7LD), Distance : 364 ft
|
Batting: RHB Jeffrey Hicks
|
0-0: Ball 1-0: Ball 2-0: Foul Ball, location: 2F 2-1: Foul Ball, location: 2F 2-2: Ball 3-2: SINGLE (Groundball, 56D)
|
Batting: RHB Tom Hicks
|
0-0: Ball 1-0: SINGLE (Line Drive, 8LS) Jeffrey Hicks to second
|
Batting: SHB Juan Carlos González
|
0-0: Called Strike 0-1: Foul Ball, location: 2F 0-2: Ball 1-2: Ball 2-2: Ball 3-2: Strikes out swinging
|
Batting: RHB Jaime Hernández
|
0-0: Swinging Strike 0-1: Fly out, F9 (Flyball, 9S)
|
Batting: RHB Chris Jones
|
0-0: Ball 1-0: Ball 2-0: Fly out, F9 (Flyball, 9S)
|
Top of the 1st over - 3 run(s), 4 hit(s), 0 error(s), 2 left on base; Mt Pleasant 3 - Buffalo 0 |
BOTTOM OF THE 1ST |
Buffalo LightSabres batting - Pitching for Mt Pleasant Bearcats : LHP Ed Stevens
|
Pitching: LHP Ed Stevens
|
|
Batting: SHB Jason Mason
|
0-0: Swinging Strike 0-1: Called Strike 0-2: SOLO HOME RUN (Flyball, 9D), Distance : 376 ft
|
Batting: RHB Júlio López
|
0-0: SINGLE (Line Drive, 5S)
|
Batting: RHB Mario Solís
|
0-0: Called Strike 0-1: Called Strike 0-2: Ball 1-2: Fly out, F3 (Popup, 3L)
|
Batting: SHB Javier Jiménez
|
0-0: Called Strike 0-1: Ground out U3 (Groundball, 3) Júlio López to second
|
Batting: LHB Rob Davidson
|
0-0: Ball 1-0: Ball 2-0: Swinging Strike 2-1: Foul Ball, location: 2F 2-2: Strikes out swinging
|
Bottom of the 1st over - 1 run(s), 2 hit(s), 0 error(s), 1 left on base; Mt Pleasant 3 - Buffalo 1 |
TOP OF THE 2ND |
Mt Pleasant Bearcats batting - Pitching for Buffalo LightSabres : RHP Alfredo Ayala
|
Batting: RHB Jorge Mora
|
0-0: Swinging Strike 0-1: Ball 1-1: Ball 2-1: Ground out 6-3 (Groundball, 6S)
|
Batting: RHB Ben Barker
|
0-0: Called Strike 0-1: Ball 1-1: Swinging Strike 1-2: Ball 2-2: Ball 3-2: Base on Balls
|
Batting: RHB Carlos López
|
0-0: Ball 1-0: Foul Ball, location: 2F 1-1: Called Strike 1-2: Fielders Choice at 2nd, 1-6 (Groundball, 13S)
|
Batting: RHB Pat Fernández
|
0-0: Ball 1-0: Called Strike 1-1: Ground out 5-3 (Groundball, 56S)
|
Top of the 2nd over - 0 run(s), 0 hit(s), 0 error(s), 1 left on base; Mt Pleasant 3 - Buffalo 1 |
BOTTOM OF THE 2ND |
Buffalo LightSabres batting - Pitching for Mt Pleasant Bearcats : LHP Ed Stevens
|
Batting: RHB Armando Gusmán
|
0-0: Ground out 1-3 (Groundball, P)
|
Batting: RHB Donato Gozende
|
0-0: Called Strike 0-1: Swinging Strike 0-2: Ball 1-2: Strikes out looking
|
Batting: RHB Tex Badger
|
0-0: Called Strike 0-1: Swinging Strike 0-2: Strikes out swinging
|
Bottom of the 2nd over - 0 run(s), 0 hit(s), 0 error(s), 0 left on base; Mt Pleasant 3 - Buffalo 1 |
TOP OF THE 3RD |
Mt Pleasant Bearcats batting - Pitching for Buffalo LightSabres : RHP Alfredo Ayala
|
Batting: RHB Jeffrey Hicks
|
0-0: Foul Ball, location: 2F 0-1: Called Strike 0-2: Strikes out looking
|
Batting: RHB Tom Hicks
|
0-0: Swinging Strike 0-1: Swinging Strike 0-2: Ball 1-2: Strikes out swinging
|
Batting: SHB Juan Carlos González
|
0-0: Ball 1-0: Called Strike 1-1: Ball 2-1: Ball 3-1: Base on Balls
|
Batting: RHB Jaime Hernández
|
0-0: Called Strike Throwing error on steal attempt, E2 Juan Carlos González to third 0-1: Foul Ball, location: 2F 0-2: Ball 1-2: Ball 2-2: Fly out, F7 (Flyball, 78XD)
|
Top of the 3rd over - 0 run(s), 0 hit(s), 1 error(s), 1 left on base; Mt Pleasant 3 - Buffalo 1 |
BOTTOM OF THE 3RD |
Buffalo LightSabres batting - Pitching for Mt Pleasant Bearcats : LHP Ed Stevens
|
Batting: RHB Merlin Morris
|
0-0: Ball 1-0: Swinging Strike 1-1: Ball 2-1: Fly out, F7 (Line Drive, 7)
|
Batting: SHB Jason Mason
|
0-0: Swinging Strike 0-1: Called Strike 0-2: Strikes out looking
|
Batting: RHB Júlio López
|
0-0: Ball 1-0: Ball 2-0: Foul Ball, location: 2F 2-1: Fly out, F9 (Flyball, 9)
|
Bottom of the 3rd over - 0 run(s), 0 hit(s), 0 error(s), 0 left on base; Mt Pleasant 3 - Buffalo 1 |
TOP OF THE 4TH |
Mt Pleasant Bearcats batting - Pitching for Buffalo LightSabres : RHP Alfredo Ayala
|
Batting: RHB Chris Jones
|
0-0: Called Strike 0-1: Ball 1-1: SINGLE (Groundball, 34D)
|
Batting: RHB Jorge Mora
|
0-0: Ball 1-0: Foul Ball, location: 2F 1-1: Ball 2-1: Foul Ball, location: 2F 2-2: Ball 3-2: Foul Ball, location: 2F 3-2: Fly out, F9 (Flyball, 9LS)
|
Batting: RHB Ben Barker
|
0-0: Ball 1-0: DOUBLE (Line Drive, 7LS) Chris Jones to third
|
Batting: RHB Carlos López
|
0-0: Ball 1-0: Called Strike 1-1: Called Strike 1-2: Ball 2-2: Fly out, F8 (Flyball, 78M) Throwing error, E8 Chris Jones scores Ben Barker to third
|
Batting: RHB Pat Fernández
|
0-0: Called Strike 0-1: Ball 1-1: Ball 2-1: Foul Ball, location: 2F 2-2: SINGLE (Groundball, 6D) Ben Barker scores
|
Pitching: RHP Ángel Uribe
|
|
Batting: RHB Jeffrey Hicks
|
0-0: Ball 1-0: Ball 2-0: Ball 3-0: Base on Balls Pat Fernández to second
|
Batting: RHB Tom Hicks
|
0-0: Fly out, F2 (Popup, 23)
|
Top of the 4th over - 2 run(s), 3 hit(s), 1 error(s), 2 left on base; Mt Pleasant 5 - Buffalo 1 |
BOTTOM OF THE 4TH |
Buffalo LightSabres batting - Pitching for Mt Pleasant Bearcats : LHP Ed Stevens
|
Batting: RHB Mario Solís
|
0-0: Swinging Strike 0-1: Ball 1-1: Swinging Strike 1-2: Strikes out swinging
|
Batting: SHB Javier Jiménez
|
0-0: Called Strike 0-1: Ball 1-1: Ball 2-1: Swinging Strike 2-2: Ball 3-2: Fly out, F6 (Popup, 6MD)
|
Batting: LHB Rob Davidson
|
0-0: Foul Ball, location: 2F 0-1: Ball 1-1: Ball 2-1: Ground out U3 (Groundball, 34)
|
Bottom of the 4th over - 0 run(s), 0 hit(s), 0 error(s), 0 left on base; Mt Pleasant 5 - Buffalo 1 |
TOP OF THE 5TH |
Mt Pleasant Bearcats batting - Pitching for Buffalo LightSabres : RHP Ángel Uribe
|
Batting: SHB Juan Carlos González
|
0-0: Ground out 1-3 (Groundball, 15)
|
Batting: RHB Jaime Hernández
|
0-0: Ball 1-0: Hit by Pitch
|
Batting: RHB Chris Jones
|
0-0: Ball 1-0: Fly out, F7 (Flyball, 78D)
|
Batting: RHB Jorge Mora
|
0-0: Called Strike 0-1: Fly out, F6 (Line Drive, 56D)
|
Top of the 5th over - 0 run(s), 0 hit(s), 0 error(s), 1 left on base; Mt Pleasant 5 - Buffalo 1 |
BOTTOM OF THE 5TH |
Buffalo LightSabres batting - Pitching for Mt Pleasant Bearcats : LHP Ed Stevens
|
Batting: RHB Armando Gusmán
|
0-0: Ball 1-0: Fly out, F9 (Flyball, 9LS)
|
Batting: RHB Donato Gozende
|
0-0: Foul Ball, location: 2F 0-1: Foul Ball, location: 2F 0-2: Ball 1-2: Strikes out swinging
|
Batting: RHB Tex Badger
|
0-0: Foul Ball, location: 2F 0-1: Ball 1-1: SINGLE (Groundball, 56S) (infield hit)
|
Batting: RHB Merlin Morris
|
0-0: Swinging Strike 0-1: Fielders Choice at 2nd, 5-4 (Groundball, 5)
|
Bottom of the 5th over - 0 run(s), 1 hit(s), 0 error(s), 0 left on base; Mt Pleasant 5 - Buffalo 1 |
TOP OF THE 6TH |
Mt Pleasant Bearcats batting - Pitching for Buffalo LightSabres : RHP Ángel Uribe
|
Batting: RHB Ben Barker
|
0-0: Called Strike 0-1: Ball 1-1: SINGLE (Groundball, 6MD)
|
Batting: RHB Carlos López
|
0-0: Ball 1-0: Foul Ball, location: 2F 1-1: Foul Ball, location: 2F 1-2: Strikes out swinging
|
Batting: RHB Pat Fernández
|
0-0: Foul Ball, location: 2F 0-1: Ball Ben Barker is caught stealing 2nd base 1-1: Ball 2-1: Ball 3-1: Called Strike 3-2: Ground out 5-3 (Groundball, 5S)
|
Top of the 6th over - 0 run(s), 1 hit(s), 0 error(s), 0 left on base; Mt Pleasant 5 - Buffalo 1 |
BOTTOM OF THE 6TH |
Buffalo LightSabres batting - Pitching for Mt Pleasant Bearcats : LHP Ed Stevens
|
Batting: SHB Jason Mason
|
0-0: Ground out 5-3 (Groundball, 56S)
|
Batting: RHB Júlio López
|
0-0: Ground out U3 (Groundball, 34S)
|
Batting: RHB Mario Solís
|
0-0: SINGLE (Groundball, 25) (infield hit)
|
Batting: SHB Javier Jiménez
|
Balk! Mario Solís to second 0-0: Ball 1-0: Ball 2-0: Ball 3-0: Called Strike 3-1: Foul Ball, location: 2F 3-2: Base on Balls
|
Batting: LHB Rob Davidson
|
0-0: Ball 1-0: SINGLE (Line Drive, 34D) Mario Solís to third Javier Jiménez to second
|
Batting: RHB Armando Gusmán
|
0-0: Ball 1-0: Ball 2-0: Ground out 5-3 (Groundball, 56S)
|
Bottom of the 6th over - 0 run(s), 2 hit(s), 0 error(s), 3 left on base; Mt Pleasant 5 - Buffalo 1 |
TOP OF THE 7TH |
Mt Pleasant Bearcats batting - Pitching for Buffalo LightSabres : RHP Ángel Uribe
|
Batting: RHB Jeffrey Hicks
|
0-0: Ball 1-0: Ball 2-0: Ball 3-0: Base on Balls
|
Batting: RHB Tom Hicks
|
0-0: Called Strike 0-1: Ball 1-1: Foul Ball, location: 2F 1-2: Ball 2-2: SINGLE (Groundball, 56S) (infield hit) Jeffrey Hicks to second
|
Batting: SHB Juan Carlos González
|
0-0: Called Strike 0-1: Ball 1-1: Bunted foul 1-2: Foul Ball, location: 2F 1-2: Ball 2-2: Ball 3-2: Base on Balls Jeffrey Hicks to third Tom Hicks to second
|
Batting: RHB Jaime Hernández
|
0-0: Swinging Strike 0-1: Ball 1-1: Swinging Strike 1-2: Ball 2-2: Ball 3-2: Foul Ball, location: 2F 3-2: Foul Ball, location: 2F 3-2: Foul Ball, location: 2F 3-2: Strikes out swinging
|
Pitching: LHP Tom Workman
|
|
Batting: RHB Chris Jones
|
0-0: Ball 1-0: Ball 2-0: Foul Ball, location: 2F 2-1: Foul Ball, location: 2F 2-2: Foul Ball, location: 2F 2-2: Ball 3-2: Base on Balls Jeffrey Hicks scores Tom Hicks to third Juan Carlos González to second
|
Batting: RHB Jorge Mora
|
0-0: Called Strike 0-1: Called Strike 0-2: Foul Ball, location: 2F 0-2: Strikes out swinging
|
Batting: RHB Ben Barker
|
0-0: Ball 1-0: Ball 2-0: Called Strike 2-1: Swinging Strike 2-2: Ball 3-2: Foul Ball, location: 2F 3-2: Base on Balls Tom Hicks scores Juan Carlos González to third Chris Jones to second
|
Batting: RHB Carlos López
|
0-0: Foul Ball, location: 2F 0-1: Ball 1-1: Ball 2-1: GRAND SLAM HOME RUN (Flyball, 9D), Distance : 375 ft
|
Pitching: RHP Jorge Madrigal
|
|
Batting: RHB Pat Fernández
|
0-0: Called Strike 0-1: Swinging Strike 0-2: Ball 1-2: Foul Ball, location: 2F 1-2: Ball 2-2: Ball 3-2: Strikes out looking
|
Top of the 7th over - 6 run(s), 2 hit(s), 0 error(s), 0 left on base; Mt Pleasant 11 - Buffalo 1 |
BOTTOM OF THE 7TH |
Buffalo LightSabres batting - Pitching for Mt Pleasant Bearcats : LHP Ed Stevens
|
Batting: RHB Donato Gozende
|
0-0: Called Strike 0-1: Called Strike 0-2: Ball 1-2: Strikes out swinging
|
Batting: RHB Tex Badger
|
0-0: Ball 1-0: Foul Ball, location: 2F 1-1: SINGLE (Flyball, 78S)
|
Batting: RHB Merlin Morris
|
0-0: Swinging Strike 0-1: SINGLE (Groundball, 6M) (infield hit) Tex Badger to second
|
Batting: SHB Jason Mason
|
0-0: Fielders Choice at 2nd, 4-6 (Groundball, 4) Tex Badger to third
|
Batting: RHB Júlio López
|
|
Pinch Hitting: RHB Alfredo Villegas
|
0-0: Ball 1-0: Ball 2-0: Foul Ball, location: 2F 2-1: Fielders Choice at 2nd, 6-4 (Groundball, 6)
|
Bottom of the 7th over - 0 run(s), 2 hit(s), 0 error(s), 1 left on base; Mt Pleasant 11 - Buffalo 1 |
TOP OF THE 8TH |
Mt Pleasant Bearcats batting - Pitching for Buffalo LightSabres : RHP Jorge Madrigal
|
Now at 3B: Alfredo Villegas
|
|
Pinch Hitting: LHB Colm Massey
|
0-0: Foul Ball, location: 2F 0-1: Called Strike 0-2: Ball 1-2: Foul Ball, location: 2F 1-2: Foul Ball, location: 2F 1-2: Ground out 4-3 (Groundball, 4)
|
Batting: RHB Tom Hicks
|
0-0: Ball 1-0: Foul Ball, location: 2F 1-1: Foul Ball, location: 2F 1-2: Strikes out looking
|
Batting: SHB Juan Carlos González
|
0-0: Ground out 5-3 (Groundball, 56S)
|
Top of the 8th over - 0 run(s), 0 hit(s), 0 error(s), 0 left on base; Mt Pleasant 11 - Buffalo 1 |
BOTTOM OF THE 8TH |
Buffalo LightSabres batting - Pitching for Mt Pleasant Bearcats : LHP Ed Stevens
|
Now at 1B: Yasutoki Kojima
|
|
Now in CF: Juan Trujillo
|
|
Batting: RHB Mario Solís
|
0-0: Ball 1-0: DOUBLE (Groundball, 5L)
|
Batting: SHB Javier Jiménez
|
0-0: Foul Ball, location: 2F 0-1: Foul Ball, location: 2F 0-2: Strikes out swinging
|
Batting: LHB Rob Davidson
|
0-0: Ball 1-0: SINGLE (Groundball, 3D) Mario Solís to third Runner from 3rd tries for Home, SAFE, throw made home Rob Davidson to second
|
Batting: RHB Armando Gusmán
|
0-0: Ball 1-0: Foul Ball, location: 2F 1-1: Swinging Strike 1-2: Ball 2-2: Ground out 6-3 (Groundball, 6) Rob Davidson to third
|
Pitching: RHP Brad White
|
|
Batting: RHB Donato Gozende
|
0-0: Fly out, F8 (Flyball, 8RD)
|
Bottom of the 8th over - 1 run(s), 2 hit(s), 0 error(s), 1 left on base; Mt Pleasant 11 - Buffalo 2 |
TOP OF THE 9TH |
Mt Pleasant Bearcats batting - Pitching for Buffalo LightSabres : RHP Jorge Madrigal
|
Batting: RHB Jaime Hernández
|
0-0: Called Strike 0-1: Swinging Strike 0-2: Ball 1-2: Ball 2-2: Ball 3-2: Foul Ball, location: 2F 3-2: Foul Ball, location: 2F 3-2: Base on Balls
|
Batting: RHB Chris Jones
|
0-0: Ball 1-0: Called Strike 1-1: Swinging Strike 1-2: Fly out, F4 (Popup, 34)
|
Batting: RHB Jorge Mora
|
0-0: Ball 1-0: Ball 2-0: Swinging Strike 2-1: Ground out 5-3 (Groundball, 25) Jaime Hernández to second
|
Batting: RHB Ben Barker
|
0-0: Ball 1-0: Called Strike 1-1: Called Strike 1-2: Ball 2-2: Fly out, F4 (Popup, 4)
|
Top of the 9th over - 0 run(s), 0 hit(s), 0 error(s), 1 left on base; Mt Pleasant 11 - Buffalo 2 |
BOTTOM OF THE 9TH |
Buffalo LightSabres batting - Pitching for Mt Pleasant Bearcats : RHP Brad White
|
Batting: RHB Tex Badger
|
0-0: Foul Ball, location: 2F 0-1: Foul Ball, location: 2F 0-2: Strikes out looking
|
Pinch Hitting: LHB Zack Payton
|
0-0: Called Strike 0-1: Ball 1-1: Swinging Strike 1-2: Strikes out looking
|
Batting: SHB Jason Mason
|
0-0: Swinging Strike 0-1: Ball 1-1: Ground out 4-3 (Groundball, 4)
|
Bottom of the 9th over - 0 run(s), 0 hit(s), 0 error(s), 0 left on base; Mt Pleasant 11 - Buffalo 2 |
|